 Dungeon Crawl Stone Soup version 0.19-a0 (webtiles) character file.

111634 ololoev the Executioner (level 16, -3/149 HPs)
             Began as a Hill Orc Fighter on Apr 27, 2016.
             Was an Elder of the Shining One.
             Killed from afar by Boris (45 damage)
             ... with an iron shot
             ... on level 2 of the Depths.
             The game lasted 01:01:50 (24468 turns).

ololoev the Executioner (Hill Orc Fighter)         Turns: 24468, Time: 01:01:51

Health: -3/149     AC: 13    Str: 26    XL:     16   Next: 58%
Magic:  22/27      EV: 10    Int:  8    God:    the Shining One [****..]
Gold:   692        SH: 14    Dex: 10    Spells: 0 memorised, 15 levels left

rFire  + . .     SeeInvis .     a - +8 frozen axe "Frostbite" {freezing cloud, *Noise +Fly rC+}
rCold  + . .     Gourm    .     M - +0 plate armour
rNeg   + + .     Faith    .     (shield currently unavailable)
rPois  +         Spirit   .     y - +0 helmet
rElec  .         Dismiss  .     o - +0 cloak
rCorr  .         Reflect  +     (no gloves)
SustAt .         Harm     .     q - +0 pair of boots
MR     ++...                    D - +2 amulet of reflection
Stlth  ..........               L - ring of poison resistance
                                C - ring of protection from fire

@: divine shield, about to teleport, corroded, glowing, very resistant to
hostile enchantments, extremely unstealthy
A: magic resistance 1, sense surroundings 1
a: Divine Shield, Cleansing Flame, Renounce Religion, Evoke Flight


Innate Abilities, Weirdness & Mutations

You are resistant to hostile enchantments.
You passively map a small area around you.

Inventory:

Hand Weapons
 a - the +8 frozen axe "Frostbite" (weapon) {freezing cloud, *Noise +Fly rC+}
   (You found it on level 5 of the Dungeon)

   It has been specially enchanted to freeze those struck by it, causing extra
   injury to most foes and up to half again as much damage against particularly
   susceptible opponents.
   It can also slow down cold-blooded creatures.
   It protects you from cold.
   It lets you fly.
   It may make noises in combat.
Armour
 o - a +0 cloak (worn)
 q - a +0 pair of boots (worn)
 y - a +0 helmet (worn)
 M - a +0 plate armour (worn)
Jewellery
 C - a ring of protection from fire (left hand)
 D - a +2 amulet of reflection (around neck)
 H - an uncursed ring of protection from magic
 L - a ring of poison resistance (right hand)
Wands
 b - a wand of digging (12/24)
 c - a wand of acid (0/15)
 x - a wand of teleportation (4/9)
Scrolls
 d - a scroll of immolation
 j - 7 scrolls of recharging
 n - a scroll of holy word {unknown}
 s - 5 scrolls of enchant armour
 t - 9 scrolls of enchant weapon
 v - 6 scrolls of remove curse
 w - 5 scrolls of magic mapping
 A - a scroll of vulnerability {unknown}
Potions
 e - 3 potions of cure mutation
 g - 2 potions of magic {unknown}
 m - a potion of curing
 p - a potion of haste
 r - 7 potions of cancellation
 u - 4 potions of might
 I - a potion of beneficial mutation {unknown}
 J - 2 potions of mutation {unknown}
Miscellaneous
 N - a fan of gales (inert)
Comestibles
 f - 13 bread rations
 h - 8 beef jerkies
 l - 7 slices of pizza


   Skills:
 + Level 15.0 Fighting
 * Level 21.3 Axes
 + Level 14.3 Armour
 + Level 6.1 Dodging
   Level 3.2 Shields
 * Level 15.6 Invocations


You had 15 spell levels left.
You didn't know any spells.


You were on level 2 of the Depths.
You worshipped the Shining One.
The Shining One was greatly pleased with you.
You were hungry.

You visited 4 branches of the dungeon, and saw 19 of its levels.
You also visited: Ossuary and Bailey.

You collected 1352 gold pieces.
You spent 660 gold pieces at shops.

# * * .... , ,
, , * ,, ..#.
, * , ,, ....
, , * , * ,
..#. , ,, *, *
#+#, * , *, *
, , #.# , * **
* #####.# ≈
#####+# ..##.#
* , * ≈
#@\[..#*#.##.#
≈ #8L...#
#.##.# *
#8....#
#....#####
*#.....#
#...([.... ≈ ≈
#.....#
##)#######
**#+##### #(#
#... * #(#
#..≈ ,, ,
##.####<)≈
#.....'.)≈

Notes
Turn   | Place    | Note
--------------------------------------------------------------
     0 | D:1      | ololoev the Hill Orc Fighter began the quest for the Orb.
     0 | D:1      | Reached XP level 1. HP: 19/19 MP: 1/1
   115 | D:1      | Reached skill level 3 in Axes
   137 | D:1      | Reached XP level 2. HP: 27/27 MP: 2/2
   304 | D:1      | Reached XP level 3. HP: 25/33 MP: 3/3
   331 | D:1      | Reached skill level 4 in Axes
   629 | D:2      | Found a shimmering altar of Xom.
  1024 | D:2      | Found a shattered altar of Ashenzari.
  1028 | D:2      | Found a radiant altar of Vehumet.
  1028 | D:2      | Found a sparkling altar of Nemelex Xobeh.
  1028 | D:2      | Found a blossoming altar of Fedhas.
  1210 | D:3      | Reached XP level 4. HP: 40/40 MP: 4/4
  1953 | D:3      | Reached skill level 5 in Axes
  1953 | D:3      | Reached XP level 5. HP: 47/47 MP: 5/5
  2077 | D:3      | You fall through a shaft for 2 floors!
  2077 | D:5      | Entered Level 5 of the Dungeon
  2220 | D:5      | Found a staircase to the Ecumenical Temple.
  2240 | D:5      | Reached skill level 6 in Axes
  2292 | Temple   | Entered the Ecumenical Temple
  2309 | Temple   | Became a worshipper of the Shining One
  2502 | D:5      | Found an ancient bone altar of Kikubaaqudgha.
  2610 | D:5      | Reached XP level 6. HP: 55/55 MP: 6/6
  2634 | D:5      | Found Ilih's Armour Boutique.
  2653 | D:5      | ololoev: не
  2653 | D:5      | ololoev: ну ё
  2653 | D:5      | ololoev: ну теперь то должно прокнуть?
  2760 | D:5      | Reached skill level 5 in Fighting
  2891 | D:4      | Found Diwieny's Gadget Boutique.
  2897 | D:4      | Reached skill level 7 in Axes
  2900 | D:4      | Reached skill level 5 in Armour
  2903 | D:4      | crauler: конечно
  2906 | D:4      | Reached XP level 7. HP: 61/61 MP: 7/7
  2924 | D:4      | crauler: ведь это первый раз когда тебе дропнулась хорошая вещь
  2935 | D:4      | ololoev: второй
  2935 | D:4      | ololoev: давно еще была ГДА, там прокнуло
  2950 | D:4      | Noticed UnknownArtist's ghost (amateur HaAs)
  2960 | D:4      | Killed UnknownArtist's ghost
  3057 | D:4      | Found a sand-covered staircase.
  3075 | D:4      | ololoev: ща еще ТСО пити подгонит
  3076 | Ossuary  | Entered an ossuary
  3089 | Ossuary  | ololoev: ооо
  3089 | Ossuary  | ololoev: тут будет много пити
  3101 | Ossuary  | Reached * piety under the Shining One
  3101 | Ossuary  | Reached skill level 8 in Axes
  3137 | Ossuary  | crauler: норм
  3138 | Ossuary  | ololoev: а может и нет
  3138 | Ossuary  | crauler: топором попадать начнешь чаще
  3138 | Ossuary  | ololoev: было похоже на тот оссуарий где 2 комнаты, одна с кучей зомбей крыс, другая с кучей спектралов летучих мышей
  3170 | Ossuary  | ololoev: а может и тот
  3170 | Ossuary  | Reached ** piety under the Shining One
  3321 | Ossuary  | Reached *** piety under the Shining One
  3363 | Ossuary  | ololoev: не, не тот
  3398 | D:4      | Noticed Robin
  3403 | D:4      | Killed Robin
  3409 | D:4      | Reached XP level 8. HP: 58/71 MP: 8/8
  3778 | D:4      | Noticed Menkaure
  3781 | D:4      | Killed Menkaure
  3781 | D:4      | Reached skill level 9 in Axes
  4444 | D:6      | Found Ollellat's Distillery.
  4449 | D:6      | Bought a potion of berserk rage for 60 gold pieces
  4753 | D:6      | Reached skill level 10 in Axes
  5223 | D:6      | Reached XP level 9. HP: 67/80 MP: 9/9
  5902 | D:7      | Reached skill level 11 in Axes
  6227 | D:7      | Noticed barb4r1an's ghost (novice DDFi)
  6233 | D:7      | Killed barb4r1an's ghost
  6233 | D:7      | Reached **** piety under the Shining One
  6233 | D:7      | Reached skill level 12 in Axes
  6285 | D:7      | Found a glowing silver altar of Zin.
  6594 | D:8      | Reached XP level 10. HP: 82/91 MP: 10/10
  6622 | D:8      | Found a flagged portal.
  6645 | Bailey   | Entered a bailey
  7032 | Bailey   | Noticed an orc knight
  7046 | Bailey   | Reached skill level 13 in Axes
  7052 | Bailey   | Killed an orc knight
  7067 | Bailey   | Noticed an orc knight
  7078 | Bailey   | Killed an orc knight
  7270 | Bailey   | crauler: чет ни разу не встречал чтобы эти пидоры свитки читали
  7294 | Bailey   | Reached skill level 10 in Fighting
  7513 | Bailey   | Noticed an orc knight
  7523 | Bailey   | Killed an orc knight
  7523 | Bailey   | Reached skill level 14 in Axes
  7716 | D:8      | crauler: интересно бранд это
  7718 | D:8      | crauler: или аквайр
  7724 | D:8      | crauler: или вообще говно
  7888 | D:8      | Noticed Grum
  7902 | D:8      | Killed Grum
  7902 | D:8      | Reached XP level 11. HP: 35/101 MP: 11/11
  7903 | D:8      | ololoev: го 1 на 1 на берсерках
  7941 | D:8      | crauler: берс берсом вышибают
  8394 | D:8      | Found a snail-covered altar of Cheibriados.
  8990 | D:9      | Found a stormy altar of Qazlal.
  9298 | D:9      | crauler: холить не будешь?
  9298 | D:9      | crauler: подождешь вдруг экзек будет?
  9298 | D:9      | ololoev: потом буду
  9298 | D:9      | ololoev: не скоро
  9298 | D:9      | ololoev: ближе к адам
  9322 | D:10     | Entered Level 10 of the Dungeon
  9331 | D:10     | Reached skill level 15 in Axes
  9581 | D:10     | Found a staircase to the Lair.
  9582 | D:10     | Noticed an oklob plant
  9613 | D:10     | Reached skill level 10 in Armour
  9628 | D:10     | Noticed a hill giant
  9632 | D:10     | Killed a hill giant
  9694 | D:10     | Noticed Sonja
  9695 | D:10     | Noticed a hill giant
  9696 | D:10     | Noticed an oklob plant
  9735 | D:10     | Killed Sonja
 10009 | D:10     | Killed a hill giant
 10139 | D:10     | Reached ***** piety under the Shining One
 10150 | D:10     | Noticed Fannar
 10160 | D:10     | Killed Fannar
 10591 | D:11     | Reached skill level 16 in Axes
 10818 | D:11     | Noticed a hill giant
 10824 | D:11     | Killed a hill giant
 10826 | D:11     | Noticed an unseen horror
 10839 | D:11     | Killed an unseen horror
 10915 | D:11     | Reached XP level 12. HP: 102/111 MP: 12/12
 10921 | D:11     | Reached skill level 1 in Invocations
 11145 | D:6      | Bought a potion of cure mutation for 300 gold pieces
 11145 | D:6      | Bought a potion of cure mutation for 300 gold pieces
 11296 | D:12     | crauler: нафига два то
 11346 | D:12     | Gained mutation: You passively map a small area around you. [mutagenic meat]
 11347 | D:12     | Gained mutation: You are resistant to hostile enchantments. [mutagenic meat]
 11348 | D:12     | crauler: он тут деньги по углам собирает, потом тратит на куромуты
 11348 | D:12     | ololoev: для смыва хрени
 11350 | D:12     | Noticed ololoev's ghost (journeyman HOFi)
 11354 | D:12     | ololoev: так
 11354 | D:12     | ololoev: вот это не входит в мои планы
 11354 | D:12     | crauler: IT'S TIME
 11357 | D:12     | Killed ololoev's ghost
 11372 | D:12     | crauler: дев даже дойти до госта не успел
 11372 | D:12     | ololoev: можно сдать ангела обратно и вернуть пити?
 11389 | D:12     | crauler: мужчина, он пользованный
 11413 | D:12     | crauler: пользованных ангелов не принимаем
 11621 | D:12     | Noticed a centaur warrior
 11640 | D:12     | Killed a centaur warrior
 11640 | D:12     | Reached skill level 17 in Axes
 11640 | D:12     | Reached skill level 5 in Invocations
 11666 | D:12     | Found a staircase to the Orcish Mines.
 12157 | D:13     | Noticed Erolcha
 12162 | D:13     | Killed Erolcha
 12724 | D:13     | Noticed Maud
 12775 | D:13     | Killed Maud
 13264 | D:13     | Reached XP level 13. HP: 119/119 MP: 18/18
 13532 | D:13     | Reached skill level 18 in Axes
 14205 | D:14     | Found a glowing golden altar of the Shining One.
 14556 | D:14     | Reached skill level 1 in Dodging
 14562 | D:14     | Reached ****** piety under the Shining One
 14569 | D:14     | Found a gate to the Vaults.
 14570 | D:14     | Noticed a vault guard
 14579 | D:14     | Killed a vault guard
 14583 | D:14     | Reached skill level 10 in Invocations
 14823 | D:14     | Noticed Nessos
 14838 | D:14     | Killed Nessos
 15107 | D:15     | Entered Level 15 of the Dungeon
 15244 | D:15     | Noticed an ice dragon
 15711 | D:15     | Reached XP level 14. HP: 129/129 MP: 22/22
 15812 | D:15     | Reached skill level 19 in Axes
 16654 | D:15     | Found a staircase to the Depths.
 17506 | Depths:1 | Entered Level 1 of the Depths
 18101 | Depths:1 | Noticed a lich
 18112 | Depths:1 | Killed a lich
 18132 | Depths:1 | Noticed a fire giant
 18142 | Depths:1 | Killed a fire giant
 18149 | Depths:1 | Reached XP level 15. HP: 46/137 MP: 21/24
 18504 | Depths:1 | Found a one-way gate to the infinite horrors of the Abyss.
 19235 | Depths:1 | Found a gateway to a ziggurat.
 19240 | Depths:1 | Reached skill level 20 in Axes
 19922 | Depths:1 | Found Ymote's Antique Weapon Shoppe.
 20606 | Depths:1 | Found a gateway to Hell.
 20821 | Depths:1 | Reached skill level 5 in Dodging
 21158 | Hell     | Entered the Vestibule of Hell
 21158 | Hell     | Noticed Geryon
 21614 | Depths:1 | Noticed a frost giant
 21615 | Depths:1 | Noticed a frost giant
 21622 | Depths:1 | Killed a frost giant
 21842 | D:15     | crauler: как всегдо все хорошо до д15
 22127 | Depths:1 | Killed a frost giant
 22208 | Depths:1 | Reached XP level 16. HP: 120/147 MP: 25/27
 23009 | Depths:1 | Reached skill level 15 in Invocations
 23536 | Depths:2 | Reached skill level 21 in Axes
 24001 | Depths:2 | crauler: фда?
 24003 | Depths:2 | ololoev: нинужно
 24003 | Depths:2 | ololoev: рС не будет
 24436 | Depths:2 | Reached skill level 15 in Fighting
 24466 | Depths:2 | Noticed Boris
 24468 | Depths:2 | Killed from afar by Boris

Dungeon Overview and Level Annotations

Branches:
Dungeon (15/15)            Temple (1/1) D:5            Lair (0/8) D:10
    Orc (0/2) D:12         Vaults (0/5) D:14         Depths (2/5) D:15
   Hell (1/1)
    Dis: Hell:1         Geh: Hell:1         Coc: Hell:1         Tar: Hell:1

Altars:
Ashenzari
Cheibriados
Dithmenos
Elyvilon
Fedhas
Kikubaaqudgha
Makhleb
Nemelex Xobeh
Okawaru
Qazlal
Sif Muna
Trog
Vehumet
Xom
Yredelemnul
Zin
The Shining One

Shops:
D:4 }   D:5 [   D:6 !   Depths:1 (

Portals:
Hell: Depths:1
Abyss: Depths:1
Ziggurat: Depths:1

Annotations:
D:10 exclusion: 2 oklob plants
Depths:2 Boris
Hell Geryon


Message History

You hit the brown very ugly thing. You freeze the brown very ugly thing.
The brown very ugly thing is severely wounded.
The brown very ugly thing gores you!
You are splashed with acid!
The acid burns!
You are too injured to fight recklessly!
You are too injured to fight recklessly!
You slice the brown very ugly thing!! You freeze the brown very ugly thing.
You kill the brown very ugly thing!
You completely miss the brown ugly thing.
You block the brown ugly thing's attack.
You slash the brown ugly thing! You freeze the brown ugly thing.
The brown ugly thing is moderately wounded.
The brown ugly thing barely misses you.
You slice the brown ugly thing!! You freeze the brown ugly thing.
You hear the gusting winds of a blizzard.
The brown ugly thing is severely wounded.
The cyan ugly thing basks in the mutagenic energy from its kin and changes!
The brown ugly thing basks in the mutagenic energy from its kin and changes!
You hit the cyan ugly thing. You freeze the cyan ugly thing.
The cyan ugly thing is severely wounded.
You slash the cyan ugly thing! You freeze the cyan ugly thing.
The cyan ugly thing is almost dead.
You slash the cyan ugly thing! You freeze the cyan ugly thing.
You kill the cyan ugly thing!
Use which ability? (? or * to list)
Okay, then.
You slice the brown ugly thing!! You freeze the brown ugly thing.
The brown ugly thing is moderately wounded.
The brown ugly thing engulfs you!
You are splashed with acid!
The acid corrodes you!
The acid burns!
You slash the brown ugly thing! You freeze the brown ugly thing.
The brown ugly thing is severely wounded.
The brown ugly thing engulfs you!
You are splashed with acid!
The acid burns!
Drink which item? (? for menu, Esc to quit)
Okay, then.
Evoke which item? (* to show all) (? for menu, Esc to quit)
Okay, then.
Drink which item? (? for menu, Esc to quit)
You feel better. The brown ugly thing engulfs you.
You are splashed with acid!
The acid burns!
You hit the brown ugly thing but do no damage.
The brown ugly thing is severely wounded.
You block the brown ugly thing's attack.
Read which item? (? for menu, Esc to quit)
As you read the scroll of teleportation, it crumbles to dust.
You feel strangely unstable.
You block the brown ugly thing's attack.
You see here 2 large rocks.
You closely miss the brown ugly thing.
You hear the gusting winds of a squall.
The brown ugly thing is severely wounded.
The brown ugly thing barely misses you.
You slice the brown ugly thing!! You freeze the brown ugly thing.
You kill the brown ugly thing!
Your surroundings suddenly seem different.
Boris, Master of Life and Death comes into view.
Boris shouts!
Found 25 stones, a crooked jewelled rod, a leather armour and 42 gold pieces. 2 crystal guardians come into view.
Read which item? (? for menu, Esc to quit)
As you read the scroll of teleportation, it crumbles to dust.
You feel strangely unstable.
You are feeling hungry.
The crystal guardian hits you but does no damage.
Boris hits you. Boris touches you but does no damage.
Use which ability? (? or * to list)
The golden flame engulfs you! You resist.
The golden flame engulfs the crystal guardian.
The crystal guardian writhes in agony!
The crystal guardian is moderately damaged.
The golden flame engulfs Boris.
Boris writhes in agony!
Boris is lightly damaged.
The golden flame engulfs the crystal guardian.
The crystal guardian writhes in agony!
The crystal guardian is lightly damaged.
You feel somewhat more hungry.
The crystal guardian closely misses you.
Boris points at you and mumbles some strange words.
The iron shot hits you!
You die...

You could see Boris and 2 crystal guardians.

Vanquished Creatures
  A lich (Depths:1)
  A fire giant (Depths:1)
  Maud (D:13)
  2 frost giants (Depths:1)
  10 very ugly things
  3 stone giants
  The ghost of ololoev the Cleaver, a journeyman HOFi of the Shining One (D:12)
  4 fire dragons
  4 ettins
  A vault guard (D:14)
  Erolcha (D:13)
  A blizzard demon (Hell)
  A yaktaur captain (Depths:1)
  2 jiangshi (Depths:1)
  An entropy weaver (Depths:1)
  An ice dragon (shapeshifter) (D:15)
  A great orb of eyes (Depths:1)
  Fannar (D:10)
  2 ice dragons
  An ogre mage (Depths:1)
  3 rakshasas
  2 centaur warriors
  A hell beast (Depths:1)
  A death knight (D:15)
  2 deep troll shamans (Depths:1)
  A vampire mage (Depths:1)
  2 deep troll earth magi
  2 tengu warriors (D:15)
  A spriggan berserker (Depths:2)
  2 soul eaters
  2 sun demons
  Sonja (D:10)
  5 skeletal warriors (D:15)
  2 iron trolls (Depths:1)
  5 unseen horrors
  6 deep trolls
  A flayed ghost (Depths:2)
  A giant orange brain (Depths:1)
  A phantasmal warrior (D:15)
  A wolf spider zombie (D:14)
  5 orc knights
  2 necromancers
  An orange crystal statue (Depths:1)
  The ghost of barb4r1an the Cleaver, a novice DDFi (D:7)
  An orb spider (shapeshifter) (D:14)
  A griffon (D:14)
  3 hill giants
  A deep elf mage (D:12)
  A manticore (D:14)
  A wizard (D:14)
  22 ugly things
  3 centaur zombies
  3 cyclopes
  3 rust devils (Hell)
  2 gargoyles
  2 efreet (D:15)
  4 yaktaurs
  A freezing wraith (D:15)
  A golden dragon simulacrum (Depths:1)
  2 demonic crawlers (D:15)
  3 tengu conjurers (Depths:1)
  6 trolls
  4 two-headed ogres
  14 slime creatures
  2 boulder beetles (D:15)
  A shadow (D:13)
  A centaur simulacrum (D:14)
  A redback (Depths:1)
  A spriggan (shapeshifter) (D:14)
  3 air elementals (Depths:1)
  3 wraiths
  3 wyverns
  Grum (D:8)
  A water elemental (Depths:1)
  7 yaks
  3 hippogriffs
  22 humans (D:14)
  A basilisk (D:15)
  5 vampire mosquitoes
  2 hungry ghosts
  Menkaure (D:4)
  A mottled dragon (D:14)
  3 wargs (D:15)
  A soldier ant (D:15)
  17 orc warriors
  6 sky beasts
  A spriggan simulacrum (Depths:1)
  4 ice beasts
  12 ogres
  6 boggarts
  4 wolves (D:8)
  23 centaurs
  A crocodile (D:11)
  The ghost of UnknownArtist the Sneak, an amateur HaAs (D:4)
  4 big kobolds
  6 giant frogs
  2 gnoll sergeants (D:6)
  A human simulacrum (Depths:1)
  12 killer bees
  11 wights
  A howler monkey (D:9)
  10 crimson imps
  2 quasits
  A giant frog zombie (D:13)
  2 giant frog skeletons
  10 hounds
  6 jellies
  11 orc wizards
  12 orc priests
  3 centaur skeletons
  A gnoll shaman (D:6)
  4 iguanas
  11 worker ants
  2 sheep (D:12)
  A hound skeleton (D:7)
  12 mummies (Ossuary)
  Robin (D:4)
  A worker ant zombie (D:10)
  12 gnolls
  A howler monkey skeleton (D:11)
  8 adders
  3 shadow imps
  2 oozes
  An adder skeleton (D:4)
  An adder zombie (D:8)
  A worm (D:3)
  2 dart slugs (D:1)
  3 giant geckos (D:1)
  87 orcs
  7 bats
  6 giant cockroaches
  22 goblins
  14 hobgoblins
  13 jackals
  35 kobolds
  5 quokkas
  A ball python skeleton (D:4)
  A giant gecko zombie (D:9)
  6 giant newts
  2 gnoll skeletons (Ossuary)
  A goblin skeleton (Ossuary)
  A kobold skeleton (Ossuary)
  3 orc skeletons (Ossuary)
  A quokka skeleton (D:7)
  4 rats
  11 rat skeletons (Ossuary)
688 creatures vanquished.

Vanquished Creatures (collateral kills)
  2 very ugly things (Depths:1)
  3 stone giants (Depths:1)
  An ugly thing (Depths:1)
  A yaktaur (Depths:2)
  3 slime creatures (D:13)
  A vampire mosquito (D:13)
  4 orcs (D:12)
15 creatures vanquished.

Vanquished Creatures (others)
  Nessos (D:14)
  4 yaktaurs (Depths:2)
  A water elemental (Depths:2)
  A vampire mosquito (D:15)
  A goblin skeleton (Ossuary)
8 creatures vanquished.

Grand Total: 711 creatures vanquished

Action                   |  1- 3 |  4- 6 |  7- 9 | 10-12 | 13-15 | 16-18 || total
-------------------------+-------+-------+-------+-------+-------+-------++-------
Melee: War axe           |    91 |    79 |       |       |       |       ||   170
       Executioner's axe |       |    23 |   186 |   367 |   435 |   114 ||  1125
Invok: Divine Shield     |       |       |       |     1 |    15 |     8 ||    24
       Summon Divine War |       |       |       |     1 |     5 |       ||     6
       Cleansing Flame   |       |       |       |       |    15 |     1 ||    16
Evoke: Wand              |       |       |     1 |     3 |     1 |       ||     5
       Fan of gales      |       |       |       |       |     3 |     1 ||     4
  Use: Potion            |       |     3 |     1 |     7 |    16 |     5 ||    32
       Scroll            |       |     8 |     7 |     7 |     9 |     4 ||    35
  Eat: Chunk             |     1 |     6 |     9 |    17 |    18 |     5 ||    56
       Royal jelly       |       |       |     1 |     2 |       |       ||     3
       Fruit             |       |       |       |     1 |     4 |     3 ||     8
       Meat ration       |       |       |       |     1 |     3 |       ||     4
Armor: Scale mail        |    64 |    41 |       |       |       |       ||   105
       Chain mail        |       |    28 |    99 |    43 |       |       ||   170
       Plate armour      |       |       |       |   222 |   305 |    58 ||   585
Dodge: Dodged            |    53 |    33 |    69 |   166 |   154 |    49 ||   524
Block: Other             |       |       |       |    21 |   109 |    49 ||   179
       Reflection        |       |       |       |       |    10 |     3 ||    13

Vault maps used:
D:1:      mrwooster_arrival_statue
D:2:      lemuel_round_altar, grunt_temple_overflow_open
D:3:      first_bread
D:4:      enter_ossuary_1, serial_shops, nicolae_shop_crystal, st_stairs_4,
          uniq_menkaure, uniq_robin
D:5:      kiku_gazebo_pond_becter, minmay_temple_entry_statues, serial_shops,
          shop_fountains
D:6:      kennysheep_housing_project, serial_shops, shop
D:7:      kennysheep_mini, grunt_ogre_cave
D:8:      cheibriados_altar_wand_db, enter_bailey_3, minmay_unpleasant_kobolds,
          uniq_grum
D:9:      kennysheep_spiral_hall, serial_park_tiny_2,
          nicolae_qazlal_general_emergency
D:10:     dpeg_oklobed_lair, serial_glass, glass_columns_a, glass_columns_a,
          glass_columns_a, glass_columns_a, uniq_sonja, uniq_fannar
D:12:     orc_0_dummy
D:13:     minmay_liquid_box, serial_bayou_ford_a, uniq_maud, uniq_erolcha
D:14:     grunt_vaults_entry_tiered, nicolae_tso_carved_into_rock, uniq_nessos
D:15:     grunt_enter_depths_hoard, minmay_misc_feat_roman,
          einodemon_crawler_minivault
Temple:   triangle_lava_temple_12
Depths:1: enter_ziggurat_b, grunt_mini_vestibule,
          hangedman_abyss_or_decor_stagger, serial_shops,
          nicolae_shop_waterfront, abyss_entry, minmay_holes,
          dpeg_stationary_puzzle
Depths:2: constructs_gauntlet_mu_hangedman, pf_hell_entry_great_geh,
          serial_glass, glass_columns_a, glass_columns_a, glass_columns_b,
          glass_columns_c, glass_columns_b, glass_columns_b, uniq_asterion
Ossuary:  ossuary_due_small_catacomb
Bailey:   bailey_polearm_5, bailey
